 Dungeon Crawl Stone Soup version 0.31-a0-214-gb37851dbb3 (webtiles) character file.

Game seed: 10380296106433840530

2202 qw the Skirmisher (level 9, -3/75 HPs)
             Began as a Minotaur Hexslinger on July 1, 2023.
             Was a Follower of Okawaru.
             Slain by a vampire (9 damage)
             ... on level 7 of the Dungeon.
             The game lasted 00:02:25 (6650 turns).

qw the Skirmisher (Minotaur Hexslinger)             Turns: 6650, Time: 00:02:25

Health: -3/75      AC:  5    Str: 12    XL:     9   Next: 12%
Magic:  10/11      EV: 18    Int: 10    God:    Okawaru [*.....]
Gold:   214        SH:  0    Dex: 18    Spells: 9/10 levels left

rFire   + . .        d - +0 orcbow
rCold   + . .        (shield currently unavailable)
rNeg    . . .        h - +0 robe {rC+ rF+}
rPois   .            (helmet restricted)
rElec   .            f - +1 cloak
rCorr   .            (no gloves)
SInv    .            (no boots)
Will    .....        b - amulet of the acrobat
Stlth   +++          (no ring)
HPRegen 0.32/turn    (no ring)
MPRegen 0.12/turn

%: acrobat, clarity
@: heroic
A: horns 2, retaliatory headbutt, clarity
a: Renounce Religion, Heroism


You were on level 7 of the Dungeon.
You worshipped Okawaru.
Okawaru was aware of your devotion.
You visited 2 branches of the dungeon, and saw 8 of its levels.

You collected 339 gold pieces.
You spent 125 gold pieces at shops.


Innate Abilities, Weirdness & Mutations

You have a pair of horns on your head.
You reflexively headbutt those who attack you in melee.
You possess an exceptional clarity of mind.


   Skills:
 - Level 6.2(11.2) Fighting
 + Level 9.9(14.9) Ranged Weapons
 - Level 3.0(8.0) Armour
 - Level 4.5(9.5) Dodging
 - Level 1.0 Spellcasting
 - Level 2.0 Hexes
 - Level 4.1 Invocations


You had 9 spell levels left.
You knew the following spells:

 Your Spells              Type           Power      Damage    Failure   Level
a - Slow                  Hex            16%        N/A       16%         1

Your spell library contained the following spells:

 Spells                   Type           Power      Damage    Failure   Level
 Inner Flame              Hex/Fire       2%         N/A       56%         3
 Portal Projectile        Hex/Tloc       4%         N/A       56%         3
 Cause Fear               Hex            2%         N/A       83%         4

Inventory:

Hand Weapons
 d - a +0 orcbow (weapon)
Armour
 a - a +1 leather armour of positive energy
 c - a +0 ring mail
 f - a +1 cloak (worn)
 h - a +0 robe of resistance (worn)
Jewellery
 b - an amulet of the acrobat (around neck)
Scrolls
 g - 2 scrolls of identify
Potions
 e - 2 potions of cancellation
 i - 4 potions of curing
 j - a potion of haste {unknown}
 k - 2 potions of mutation

Dungeon Overview and Level Annotations

Branches:
Dungeon (7/15)             Temple (1/1) D:4

Altars:
Cheibriados
Dithmenos
Gozag
Hepliaklqana
Kikubaaqudgha
Makhleb
Nemelex Xobeh
Okawaru
Qazlal
Ru
Sif Muna
Trog
Uskayaw
Vehumet
Xom
Yredelemnul
Zin
The Shining One
Lugonu

Shops:
D:4 ?


Message History

You shoot an arrow. The arrow hits the vampire.
The vampire is lightly damaged.
The vampire completely misses you. You furiously retaliate!
You headbutt the vampire! The vampire closely misses you.
You shoot an arrow.
The arrow hits the vampire but does no damage.
The vampire is heavily damaged.
The vampire hits you.
The vampire bites you but does no damage.
You shoot an arrow.
The arrow hits the vampire but does no damage.
The vampire is heavily damaged.
The vampire zaps a wand.
The bolt of light hits you!!
6641 ||| INVOKING Heroism.
You gain the combat prowess of a mighty hero.
The vampire gestures wildly while chanting.
The vampire flickers and vanishes!
Deactivating autopickup; reactivate with Ctrl-A.
You shoot an arrow. Something draws life force from you!
You shoot an arrow. You shoot an arrow. Something closely misses you. x2
You shoot an arrow.
You hear a zap.
A bolt of light appears from out of thin air!
The bolt of light misses you.
You shoot an arrow. Something hits you! Something bites you.
Something draws strength from your injuries!
You shoot an arrow.
You hear a zap.
A bolt of light appears from out of thin air!
The bolt of light misses you.
You shoot an arrow. You shoot an arrow. Something hits you!
Something bites you but does no damage.
You shoot an arrow. Something hits you!
You die...

.. #. #. #. #.
#.## #.{###
#@..###
###...# ###.#
#.###
#...##########
###/..........
#..#########
####


There were no monsters in sight!

Vanquished Creatures
  A hornet (D:7)
  Prince Ribbit (D:6)
  Menkaure (D:5)
  A sky beast (D:6)
  2 ice beasts
  A centaur (D:6)
  3 scorpions
  7 wights (D:6)
  3 howler monkeys
  3 jellies
  An orc priest (D:7)
  A gnoll bouda (D:5)
  4 hounds
  A sleepcap (D:7)
  3 iguanas
  3 orc wizards
  Robin (D:4)
  9 gnolls
  5 adders
  A shadow imp (D:6)
  2 white imps (D:5)
  A worm (D:3)
  2 dart slugs
  12 orcs
  4 bats
  5 endoplasms
  3 giant cockroaches
  11 goblins
  9 hobgoblins
  3 jackals (D:4)
  4 quokkas
  5 ball pythons
  2 frilled lizards (D:3)
  3 kobolds
  9 rats
127 creatures vanquished.

Notes
Turn   | Place    | Note
-------+----------+-------------------------------------------
     0 | D:1      | qw the Minotaur Hexslinger began the quest for the Orb.
     0 | D:1      | Reached XP level 1. HP: 16/16 MP: 1/1
     0 | D:1      | 0 ||| qw: Version: 0.3-a-32-g5962c71
     0 | D:1      | 0 ||| qw: Game counter: 7373
     0 | D:1      | 0 ||| qw: Melee chars always use a shield: true
     0 | D:1      | 0 ||| qw: God list: Okawaru
     0 | D:1      | 0 ||| qw: Allow faded altars: false
     0 | D:1      | 0 ||| qw: Do Orc after clearing Dungeon:15 true
     0 | D:1      | 0 ||| qw: Do second Lair branch before Depths: true
     0 | D:1      | 0 ||| qw: Lair rune preference: random
     0 | D:1      | 0 ||| qw: Goals: Normal
     0 | D:1      | 0 ||| PLANNING D:1-11
   203 | D:1      | Reached skill level 3 in Ranged Weapons
   215 | D:1      | Reached XP level 2. HP: 23/23 MP: 2/2
   739 | D:1      | 739 ||| DROPPING +6 ring of intelligence.
   740 | D:1      | 740 ||| READING scroll labelled MUTZIO AGETIWK.
   750 | D:1      | 750 ||| READING scroll labelled COTAESETWE.
   751 | D:1      | 751 ||| READING 2 scrolls labelled EPOUCK TA XEPT.
   755 | D:1      | 755 ||| READING scroll labelled PYSSOA MOJE.
   770 | D:1      | 770 ||| READING scroll labelled BAIBYMAIXT.
   825 | D:1      | 825 ||| DRINKING 2 lumpy orange potions.
   826 | D:1      | 826 ||| DROPPING scroll of poison.
  1485 | D:2      | Found a faded altar of an unknown god.
  1611 | D:2      | 1611 ||| UPGRADING to +0 leather armour.
  1621 | D:2      | 1621 ||| DROPPING +0 robe.
  1622 | D:2      | 1622 ||| READING scroll labelled PEGYTW ZONYOXI.
  1623 | D:2      | 1623 ||| DRINKING 2 blue potions.
  1624 | D:2      | 1624 ||| READING 2 scrolls of identify.
  1624 | D:2      | 1624 ||| IDENTIFYING amethyst potion
  1625 | D:2      | 1625 ||| DROPPING potion of brilliance.
  1626 | D:2      | 1626 ||| DROPPING potion of invisibility.
  1694 | D:3      | Reached XP level 3. HP: 29/29 MP: 3/3
  1905 | D:3      | Found a hazy altar of Hepliaklqana.
  1905 | D:3      | Found a sacrificial altar of Ru.
  1970 | D:3      | Reached skill level 4 in Ranged Weapons
  2032 | D:3      | 2032 ||| FLEEEEING.
  2033 | D:3      | 2033 ||| FLEEEEING.
  2034 | D:3      | 2034 ||| FLEEEEING.
  2035 | D:3      | 2035 ||| FLEEEEING.
  2036 | D:3      | 2036 ||| FLEEEEING.
  2037 | D:3      | 2037 ||| FLEEEEING.
  2038 | D:3      | 2038 ||| FLEEEEING.
  2091 | D:3      | Noticed a scorpion
  2102 | D:3      | Killed a scorpion
  2103 | D:3      | Reached skill level 5 in Ranged Weapons
  2103 | D:3      | Reached XP level 4. HP: 32/36 MP: 4/4
  2430 | D:3      | 2430 ||| UPGRADING to amulet of the acrobat.
  2435 | D:3      | 2435 ||| READING scroll labelled NEXTAX VAROONE.
  2436 | D:3      | 2436 ||| DRINKING 3 murky cyan potions.
  2480 | D:4      | Reached XP level 5. HP: 43/44 MP: 5/5
  2490 | D:4      | Found a staircase to the Ecumenical Temple.
  2491 | D:4      | 2491 ||| PLANNING TEMPLE
  2491 | D:4      | 2491 ||| READING 3 scrolls labelled ULYPLU ANER.
  2492 | D:4      | 2492 ||| DROPPING 2 scrolls of blinking.
  2502 | Temple   | Entered the Ecumenical Temple
  2509 | Temple   | 2509 ||| PLANNING OKAWARU WORSHIP
  2544 | Temple   | Became a worshipper of Warmaster Okawaru
  2545 | Temple   | 2545 ||| PLANNING D:1-11
  2585 | D:4      | Reached skill level 3 in Fighting
  2656 | D:4      | Found Qufaofus's Magic Scroll Shoppe.
  2661 | D:4      | 2661 ||| BUYING scroll of enchant armour (75 gold).
  2661 | D:4      | Bought a scroll of enchant armour for 75 gold pieces
  2661 | D:4      | 2661 ||| SHOPLISTING scroll of enchant weapon (75 gold,
                  | have 68).
  2661 | D:4      | 2661 ||| BUYING scroll of identify (20 gold).
  2661 | D:4      | Bought a scroll of identify for 20 gold pieces
  2661 | D:4      | 2661 ||| BUYING scroll of teleportation (30 gold).
  2661 | D:4      | Bought a scroll of teleportation for 30 gold pieces
  2674 | D:4      | Noticed Robin
  2676 | D:4      | 2676 ||| Stepping ~*~*~tactically~*~*~ (outnumbered).
  2683 | D:4      | Killed Robin
  2684 | D:4      | 2684 ||| FLEEEEING.
  2685 | D:4      | 2685 ||| FLEEEEING.
  2686 | D:4      | 2686 ||| FLEEEEING.
  2687 | D:4      | 2687 ||| FLEEEEING.
  2688 | D:4      | 2688 ||| FLEEEEING.
  2689 | D:4      | 2689 ||| FLEEEEING.
  2690 | D:4      | 2690 ||| FLEEEEING.
  2691 | D:4      | 2691 ||| FLEEEEING.
  2701 | D:4      | 2701 ||| FLEEEEING.
  2702 | D:4      | 2702 ||| FLEEEEING.
  2703 | D:4      | 2703 ||| FLEEEEING.
  2704 | D:4      | 2704 ||| FLEEEEING.
  2705 | D:4      | 2705 ||| FLEEEEING.
  2706 | D:4      | 2706 ||| FLEEEEING.
  2707 | D:4      | 2707 ||| FLEEEEING.
  2708 | D:4      | 2708 ||| FLEEEEING.
  2709 | D:4      | 2709 ||| FLEEEEING.
  2710 | D:4      | 2710 ||| FLEEEEING.
  2711 | D:4      | 2711 ||| FLEEEEING.
  2712 | D:4      | 2712 ||| FLEEEEING.
  2713 | D:4      | 2713 ||| FLEEEEING.
  2714 | D:4      | 2714 ||| FLEEEEING.
  2715 | D:4      | 2715 ||| FLEEEEING.
  2716 | D:4      | 2716 ||| FLEEEEING.
  2717 | D:4      | 2717 ||| FLEEEEING.
  2718 | D:4      | 2718 ||| FLEEEEING.
  2719 | D:4      | 2719 ||| FLEEEEING.
  2967 | D:4      | HP: 7/45 [iguana (5)]
  2968 | D:4      | 2968 ||| READING scroll of teleportation.
  2969 | D:4      | 2969 ||| DRINKING potion of heal wounds.
  3086 | D:4      | Reached skill level 6 in Ranged Weapons
  3266 | D:4      | Reached XP level 6. HP: 43/52 MP: 6/6
  3417 | D:4      | 3417 ||| DRINKING 4 fizzy cyan potions.
  3418 | D:4      | 3418 ||| DRINKING 2 fizzy purple potions.
  3418 | D:4      | Gained mutation: You possess an exceptional clarity of
                  | mind. [potion of mutation]
  3419 | D:4      | 3419 ||| READING 2 scrolls of identify.
  3419 | D:4      | 3419 ||| IDENTIFYING metallic green potion
  3420 | D:4      | 3420 ||| DROPPING potion of berserk rage.
  3438 | D:5      | Entered Level 5 of the Dungeon
  3638 | D:5      | Reached * piety under Okawaru
  3639 | D:5      | 3639 ||| INVOKING Heroism.
  3650 | D:5      | HP: 13/52 [gnoll/+0 club[a gnoll bouda] (2)]
  3820 | D:5      | Reached skill level 7 in Ranged Weapons
  3899 | D:5      | Reached skill level 1 in Invocations
  4085 | D:5      | Reached XP level 7. HP: 55/59 MP: 7/7
  4239 | D:5      | Found a sparkling altar of Nemelex Xobeh.
  4240 | D:5      | Found a stormy altar of Qazlal.
  4250 | D:5      | 4250 ||| INVOKING Heroism.
  4339 | D:5      | Found a shadowy altar of Dithmenos.
  4339 | D:5      | Found a glowing silver altar of Zin.
  4339 | D:5      | Found a snail-covered altar of Cheibriados.
  4342 | D:5      | Found a basalt altar of Yredelemnul.
  4419 | D:5      | Noticed Menkaure
  4420 | D:5      | 4420 ||| INVOKING Heroism.
  4425 | D:5      | 4425 ||| FLEEEEING.
  4426 | D:5      | 4426 ||| FLEEEEING.
  4427 | D:5      | 4427 ||| FLEEEEING.
  4428 | D:5      | 4428 ||| FLEEEEING.
  4431 | D:5      | Killed Menkaure
  4661 | D:5      | 4661 ||| UPGRADING to +0 ring mail.
  4671 | D:5      | 4671 ||| DROPPING +0 leather armour.
  4672 | D:5      | 4672 ||| READING scroll labelled OHIUCV KYJOZAO.
  4684 | D:6      | Reached skill level 3 in Invocations
  4719 | D:6      | 4719 ||| READING scroll of enchant weapon.
  4719 | D:6      | 4719 ||| ENCHANTING +2 sling.
  4727 | D:6      | Found an opulent altar of Gozag.
  4753 | D:6      | 4753 ||| INVOKING Heroism.
  4761 | D:6      | Reached skill level 1 in Armour
  4898 | D:6      | Noticed Prince Ribbit
  4899 | D:6      | 4899 ||| INVOKING Heroism.
  4900 | D:6      | 4900 ||| SWAPPING to +0 orcbow.
  4909 | D:6      | Killed Prince Ribbit
  4909 | D:6      | Reached ** piety under Okawaru
  4910 | D:6      | Reached skill level 8 in Ranged Weapons
  4910 | D:6      | Reached XP level 8. HP: 21/66 MP: 7/10
  5053 | D:6      | 5053 ||| DROPPING +3 sling.
  5192 | D:6      | 5192 ||| INVOKING Heroism.
  5201 | D:6      | 5201 ||| FLEEEEING.
  5202 | D:6      | 5202 ||| STAIRDANCE
  5354 | D:5      | 5354 ||| UPGRADING to +0 cloak.
  5359 | D:5      | 5359 ||| READING scroll of enchant armour.
  5359 | D:5      | 5359 ||| ENCHANTING +0 cloak.
  5362 | D:6      | 5362 ||| STAIRDANCE
  5371 | D:5      | Reached skill level 3 in Armour
  5371 | D:5      | 5371 ||| INVOKING Heroism.
  5556 | D:6      | 5556 ||| INVOKING Heroism.
  5558 | D:6      | Reached skill level 9 in Ranged Weapons
  5682 | D:6      | Reached skill level 3 in Dodging
  5774 | D:6      | Found a burning altar of Makhleb.
  5779 | D:6      | 5779 ||| UPGRADING to +0 robe of resistance.
  5789 | D:6      | 5789 ||| READING 3 scrolls of identify.
  5789 | D:6      | 5789 ||| IDENTIFYING murky silvery potion
  5790 | D:6      | 5790 ||| READING 2 scrolls of identify.
  5790 | D:6      | 5790 ||| IDENTIFYING coppery potion
  5791 | D:6      | 5791 ||| DROPPING potion of attraction.
  5792 | D:6      | 5792 ||| DROPPING potion of degeneration.
  5827 | D:7      | 5827 ||| STAIRDANCE
  5858 | D:7      | 5858 ||| STAIRDANCE
  5862 | D:6      | 5862 ||| INVOKING Heroism.
  5871 | D:6      | Reached skill level 6 in Fighting
  6030 | D:7      | 6030 ||| STAIRDANCE
  6032 | D:6      | 6032 ||| INVOKING Heroism.
  6037 | D:6      | HP: 15/63 [wight/+4 short sword (9)]
  6038 | D:6      | 6038 ||| DRINKING potion of heal wounds.
  6183 | D:7      | 6183 ||| INVOKING Heroism.
  6256 | D:7      | Reached XP level 9. HP: 69/73 MP: 11/11
  6281 | D:7      | 6281 ||| INVOKING Heroism.
  6361 | D:7      | Found the +10 tower shield of Ignorance {rN+ Int-4}
  6370 | D:7      | Paralysed by a hornet for 3 turns
  6373 | D:7      | 6373 ||| INVOKING Heroism.
  6373 | D:7      | HP: 18/74 [poisoned by a hornet]
  6374 | D:7      | 6374 ||| READING scroll of teleportation.
  6375 | D:7      | HP: 4/74 [hornet (8)]
  6377 | D:7      | 6377 ||| DRINKING 5 potions of curing.
  6377 | D:7      | 6377 ||| (to cure poison)
  6377 | D:7      | Found a radiant altar of Vehumet.
  6597 | D:7      | Found a hide-covered altar of Uskayaw.
  6641 | D:7      | 6641 ||| INVOKING Heroism.
  6646 | D:7      | HP: 17/75 [something (7)]
  6649 | D:7      | HP: 6/75 [something (9)]
  6650 | D:7      | Slain by a vampire

Levels and vault maps discovered:
D:1:      lightli_molten_gateway, layout_loops_ring
D:2:      layout_basic, shapermc_ecumenical_altar_hornbeckon
D:3:      layout_loops_ring, gammafunk_temple_overflow_pools, hex_large,
          solitary_fountain
D:4:      layout_loops_ring, minmay_temple_entry_glass, serial_shops, shop,
          uniq_robin
D:5:      layout_loops_corners, minitemple, uniq_menkaure
D:6:      layout_basic, mainiacjoe_overflow_alcove_2, kennysheep_mini,
          uniq_prince_ribbit1
D:7:      layout_rooms, mainiacjoe_overflow_swirl, serial_glass,
          glass_columns_b, glass_columns_b, chequers_guarded_unrand_ignorance
Temple:   corrupted_temple

Skill      XL: |  1  2  3  4  5  6  7  8  9 |
---------------+----------------------------+-----
Ranged Weapons | 3 5 6 7 8 9 |  9.9
Fighting       | 2 4 6 |  6.2
Invocations    | 1 4 |  4.1
Armour         | 1 3 |  3.0
Dodging        | 3 4 |  4.5
Spellcasting   | |  1.0
Hexes          | |  2.0

Action                     |  1- 3 |  4- 6 |  7- 9 || total
---------------------------+-------+-------+-------++-------
   Fire: Sling             |   107 |   205 |    39 ||   351
         Orcbow            |       |       |   160 ||   160
 Invoke: Heroism           |       |     1 |    13 ||    14
    Use: Scroll            |     7 |     4 |     6 ||    17
         Potion            |     2 |     4 |     2 ||     8
 Armour: Robe              |     5 |       |     9 ||    14
         Leather armour    |     7 |    11 |     2 ||    20
         Ring mail         |       |       |    25 ||    25
  Dodge: Dodged            |    28 |    58 |    95 ||   181

Table legend:
 A = Non-vault XP
 B = Vault XP
 C = Vault XP percentage of total XP
 D = Non-vault monster count
 E = Vault monster count
 F = Vault count percentage of total count
                 A         B        C        D         E       F
            +---------+---------+-------+---------+---------+-------
      Total |    2670 |     476 |  15.1 |     112 |      15 |  11.8
            +---------+---------+-------+---------+---------+-------
        D:1 |      20 |       0 |   0.0 |      12 |       0 |   0.0
        D:2 |      15 |       0 |   0.0 |      10 |       0 |   0.0
        D:3 |     148 |       0 |   0.0 |      23 |       0 |   0.0
        D:4 |     193 |      40 |  17.2 |      16 |      13 |  44.8
        D:5 |     656 |     172 |  20.8 |      21 |       1 |   4.5
        D:6 |    1051 |     264 |  20.1 |      20 |       1 |   4.8
        D:7 |     587 |       0 |   0.0 |      10 |       0 |   0.0
            +---------+---------+-------+---------+---------+-------
